[Event "GrandPrix_29.05"]
[Site "Chess.com"]
[Date "2020.05.29"]
[Round "5"]
[White "yamalchess"]
[Black "Funo09"]
[Result "0-1"]
[WhiteElo "2454"]
[BlackElo "2631"]
[TimeControl "600+2"]
[EndTime "11:32:20 PDT"]
[Termination "Funo09 won by resignation"]

1. d4 Nf6 2. c4 Nc6 3. Nf3 d6 4. d5 Ne5 5. Nxe5 dxe5 6. g3 e6 7. Bg2 exd5 8. cxd5 Bc5 9. Nc3 O-O 10. O-O h6 11. h3 a6 12. Kh2 Qe7 13. a3 e4 14.
b4 Bd6 15. Qc2 Bf5 16. Be3 Bg6 17. Qd2 Rad8 18. Rad1 Rfe8 19. Rfe1 c6 20. Qa2 Be5 21. Bc5 Qc7 22. d6 Bxd6 23. Na4 Nd5 24. e3 b5 25.
Rxd5 cxd5 26. Bb6 Qc4 27. Qxc4 dxc4 28. Bxd8 Rxd8 29. Nc3 Be5 30. Nxe4 Rd3 31. Nc5 Rxa3 32. Rd1 c3 33. e4 f6 34. f4 Bd4 35. Rxd4 c2 36.
Rd8+ Kf7 37. Nd3 Rxd3 38. Rc8 Rd2 39. f5 Bh7 40. g4 Ke7 41. Kg3 Kd7 42. Rc5 Bg8 43. Bf1 Bb3 44. e5 fxe5 45. h4 Rd1 46. Be2 c1=Q 0-1

[Event "GrandPrix_29.05"]
[Site "Chess.com"]
[Date "2020.05.29"]
[Round "5"]
[White "RogerFederer13"]
[Black "Baron_von_Koenig"]
[Result "1-0"]
[WhiteElo "2127"]
[BlackElo "2131"]
[TimeControl "600+2"]
[EndTime "11:32:22 PDT"]
[Termination "RogerFederer13 won on time"]

1. e4 d5 2. exd5 Qxd5 3. Nc3 Qd6 4. d4 Nf6 5. Nf3 a6 6. g3 Bg4 7. Bg2 Nc6 8. O-O O-O-O 9. d5 Ne5 10. Bf4 Nxf3+ 11. Bxf3 Qd7 12. Bxg4 Qxg4 13. Qd4 e5 14. Qxe5 Bd6 15. Qg5 Qh3 16. Bxd6 Ng4 17. Qf5+ Rd7 18. Rfe1 Qxh2+ 19. Kf1 Qh3+ 20. Ke2 g6 21. Qf4 Rxd6 22.
Rh1 Nh2 23. Kd2 Qg2 24. Rad1 Nf3+ 25. Kc1 f5 26. Qe3 Kb8 27. Ne2 g5 28. Qe7 Qxf2 29. Rdf1 Qg2 30. Qe3 Rh6 31. Rhg1 Nxg1 32. Rxg1 Rh1 33.
b3 f4 34. gxf4 gxf4 35. Qd4 Re8 36. Rxh1 Qxh1+ 37. Kb2 Rxe2 38. d6 1-0

[Event "GrandPrix_29.05"]
[Site "Chess.com"]
[Date "2020.05.29"]
[Round "5"]
[White "SmirnovTimofey2000"]
[Black "Gurvich_Vitaly"]
[Result "0-1"]
[WhiteElo "2163"]
[BlackElo "2382"]
[TimeControl "600+2"]
[EndTime "11:32:26 PDT"]
[Termination "Gurvich_Vitaly won by checkmate"]

1. e4 d6 2. d4 Nf6 3. Nc3 e5 4. Nf3 Nbd7 5. Bc4 Be7 6. O-O O-O 7. Re1 c6 8. a4 a5 9. h3 exd4 10. Nxd4 Nc5 11. Bf1 Re8 12. g3 Bf8 13. Bg2 Qb6 14. b3 Bd7 15. Bg5 Be7 16. Qd2 h6 17. Bf4 Bf8 18.
g4 Nh7 19. Rad1 Rad8 20. Nde2 Bc8 21. Ng3 Qb4 22. Re2 b6 23. Nb1 Ba6 24. Qxb4 axb4 25. Red2 Nf6 26. e5 Nd5 27. Bxd5 cxd5 28. exd6 Ne6 29.
Be3 Rxd6 30. Rxd5 Rc6 31. Rc1 Rec8 32. Rd2 Bc5 33. Nf5 g6 34. Bxc5 gxf5 35. Bxb4 Nf4 36. c4 Nxh3+ 37. Kg2 fxg4 38. Kg3 Ng5 39. Kxg4 Re8 40. f4 Bc8+ 41. Kh5 Re3 42. Rh1 Ne4 43. Rg1+ Kh7 44. Rdg2 Rh3# 0-1

[Event "GrandPrix_29.05"]
[Site "Chess.com"]
[Date "2020.05.29"]
[Round "5"]
[White "Korchmar_Vasiliy"]
[Black "Forking_U"]
[Result "0-1"]
[WhiteElo "2026"]
[BlackElo "2222"]
[TimeControl "600+2"]
[EndTime "11:32:26 PDT"]
[Termination "Forking_U won by resignation"]

1. d4 d5 2. c4 c6 3. Nf3 Nf6 4.
g3 Bf5 5. Nc3 dxc4 6. Ne5 Nbd7 7. Nxc4 Nb6 8. Ne5 Nfd7 9. Nf3 e6 10. Bg2 Bd6 11. O-O O-O 12. e4 Bg4 13. h3 Bxf3 14.
Bxf3 e5 15. dxe5 Nxe5 16. Bg2 Bc5 17. Qh5 Nbc4 18. b3 g6 19. Qh6 Qd3 20. bxc4 Qxc3 21.
Rb1 Qxg3 22. Bf4 Qc3 23. Rxb7 Rfb8 24. Rxb8+ Rxb8 25. Rd1 Bd4 26. Qg5 f6 27. Qg3 Qxg3 28. Bxg3 c5 29. Kh1 Rb2 30. f4 Nxc4 31. Bf3 Nd2 32.
Bg4 Nxe4 33. Bh4 f5 34. Bf3 Rxa2 35. Rb1 Rb2 36. Rc1 a5 37. Rc4 Rb1+ 38. Kg2 Rb2+ 39. Kh1 Rb4 40. Rc2 a4 41. Be2 Rb2 42. Bc4+ Kg7 43.
Rc1 a3 44. Ra1 Rb4 45. Rc1 Rxc4 46. Rxc4 a2 47. Ra4 a1=Q+ 48. Rxa1 Bxa1 0-1

[Event "GrandPrix_29.05"]
[Site "Chess.com"]
[Date "2020.05.29"]
[Round "5"]
[White "Thor736"]
[Black "OhanyanEminChess"]
[Result "1-0"]
[WhiteElo "2028"]
[BlackElo "2070"]
[TimeControl "600+2"]
[EndTime "11:32:26 PDT"]
[Termination "Thor736 won by resignation"]

1. e4 e5 2. Nf3 Nc6 3. Bb5 f5 4. d3 fxe4 5. dxe4 Nf6 6. O-O Bc5 7. Qd3 d6 8. Qc4 Bd7 9. Nc3 Qe7 10. Nd5 Nxd5 11.
exd5 Nd4 12. Nxd4 Bxd4 13. a4 a6 14. Bxd7+ Qxd7 15. Be3 Bxe3 16. fxe3 O-O-O 17. Rf2 Rdf8 18. Raf1 Qe7 19. Qg4+ Kb8 20. Qe6 Qd8 21. Rf5 Rxf5 22. Qxf5 Qh4 23. e4 Qh6 24. h3 Qd2 25. Qf2 Qb4 26. Qf7 Qxe4 27. Qxg7 Rc8 28. c3 Qxd5 29. Qxh7 Rg8 30. Rf2 e4 31. Qf7 Qg5 32. h4 Qg3 33. Qf4 Qd3 34. Rd2 Qb1+ 35. Kh2 Re8 36. Re2 Qd3 37. Re3 Qd5 38. Qg5 Qe6 39. h5 Rg8 40. Rxe4 Rxg5 41. Rxe6 Rxh5+ 42. Kg3 Rf5 43. Re8+ Ka7 44.
Re2 Kb6 45. Kh4 Rf4+ 46. g4 Rxa4 47. Kh5 Ra1 48. g5 Rh1+ 49. Kg6 Kc6 50. Rg2 Kd7 51. Kf7 Rf1+ 52. Kg8 Ke7 53. g6 Rf8+ 54. Kh7 Rd8 55. g7 Ke6 56. g8=Q+ Rxg8 57. Kxg8 a5 58. Rg7 1-0

[Event "GrandPrix_29.05"]
[Site "Chess.com"]
[Date "2020.05.29"]
[Round "5"]
[White "redblizzard"]
[Black "bernereremit"]
[Result "1/2-1/2"]
[WhiteElo "1943"]
[BlackElo "2154"]
[TimeControl "600+2"]
[EndTime "11:32:28 PDT"]
[Termination "Game drawn by repetition"]

1. e4 c5 2. Nf3 d6 3. d4 cxd4 4. Nxd4 Nf6 5. Nc3 a6 6. h3 e6 7. g4 Nfd7 8. Bg2 Be7 9. O-O O-O 10. Re1 Nc6 11. Be3 Qc7 12. Qe2 Rb8 13. a4 Na5 14. Rad1 b6 15. g5 Bb7 16. h4 Rfe8 17. h5 Nc4 18. g6 Nxe3 19. Qxe3 Bf6 20. gxf7+ Kxf7 21. Ndb5 axb5 22. Nxb5 Qc5 23. Nxd6+ Kf8 24. Nxb7 Rxb7 25. e5 Rc7 26. exf6 Nxf6 27. Qxc5+ Rxc5 28. c3 Nxh5 29. Rd6 Nf4 30. Bf3 Rb8 31. Re4 Ke7 32. Rdd4 g5 33.
Rb4 h5 34. Rec4 Rf5 35. Rc7+ Kf6 36. Be4 Re5 37. f3 h4 38. Rc6 g4 39. fxg4 Rg8 40.
Bf3 Nh3+ 41. Kg2 Ng5 42. Rf4+ Ke7 43. Rxb6 Re1 44. Rb7+ Kd6 45. Rd4+ Ke5 46. Rb5+ Kf6 47. Rf4+ Ke7 48. a5 h3+ 49. Kh2 Rf1 50. Rb7+ Kd6 51. Rd4+ Ke5 52. Rb5+ Kf6 53. Rf4+ Ke7 54. Rb7+ Kd6 55.
Rd4+ Ke5 56. Rb5+ Kf6 57. Rf4+ Ke7 1/2-1/2

[Event "GrandPrix_29.05"]
[Site "Chess.com"]
[Date "2020.05.29"]
[Round "5"]
[White "Khayala13"]
[Black "Arasvard"]
[Result "0-1"]
[WhiteElo "1887"]
[BlackElo "2052"]
[TimeControl "600+2"]
[EndTime "11:32:29 PDT"]
[Termination "Arasvard won on time"]

1. e4 c5 2. Nf3 d6 3. d4 cxd4 4. Nxd4 Nf6 5. Nc3 a6 6. Be2 e5 7. Nb3 Be7 8. Be3 O-O 9. Nd5 Nxd5 10. exd5 f5 11. f4 Nd7 12. O-O g5 13. fxe5 Nxe5 14. c4 b6 15. a4 a5 16. Nd4 f4 17.
Bd2 Qe8 18. Nb5 Qg6 19. b4 axb4 20. Qb1 Qxb1 21. Raxb1 Rxa4 22. Bxb4 Bf5 23. Rb2 Nd3 24.
Bxd3 Bxd3 25. Rc1 Rc8 26. Bxd6 Bf6 27. Rd2 Rcxc4 28. Re1 Bg6 29. Be5 Bxe5 30. Rxe5 Rc5 31. Nd6 b5 32. Rxg5 b4 33. Nb7 Rb5 34. Nd6 Rc5 35.
Ne4 Rc1+ 36. Kf2 b3 37. d6 Rc2 38. d7 Rd4 39. Rxc2 bxc2 40. Nf6+ Kf7 41. Rc5 Kxf6 42. Rc7 Ke7 43. h4 Rxd7 44. Rc5 Kd8 45. h5 Be4 0-1

[Event "GrandPrix_29.05"]
[Site "Chess.com"]
[Date "2020.05.29"]
[Round "5"]
[White "GeorgMeier"]
[Black "KJakubowski"]
[Result "1/2-1/2"]
[WhiteElo "2645"]
[BlackElo "2589"]
[TimeControl "600+2"]
[EndTime "11:32:37 PDT"]
[Termination "Game drawn - insufficient material"]

1. Nf3 d5 2. g3 c6 3. Bg2 Bg4 4. h3 Bxf3 5. Bxf3 e5 6. d3 Nf6 7.
e4 dxe4 8. dxe4 Qxd1+ 9. Kxd1 Bc5 10. Ke2 Nbd7 11. Nd2 a5 12. a4 Kd8 13. Nc4 Kc7 14. Rd1 Rhe8 15. Bd2 b6 16. b3 h5 17. h4 g6 18. Bg2 Nh7 19. Bc3 Nhf8 20. Rd3 Bb4 21.
Bb2 Nc5 22. Rdd1 f6 23. c3 Nxb3 24. cxb4 Nxa1 25. Rxa1 axb4 26. f4 Nd7 27. fxe5 Nxe5 28. Nxe5 fxe5 29. Ke3 b5 30. axb5 Rxa1 31. Bxa1 cxb5 32.
Bf1 Kc6 33. Bd3 b3 34. Kd2 b4 35. Bc4 Rd8+ 36. Kc1 Kc5 37. Bd5 Rxd5 38. exd5 Kxd5 39. Kd2 Ke4 40. Ke2 Kf5 41. Bb2 e4 42. Kf2 g5 43.
hxg5 Kxg5 44. Ke3 Kg4 45. Be5 b2 46. Bxb2 Kxg3 47. Kxe4 h4 48. Be5+ Kg2 49. Kd3 h3 50. Kc4 h2 51. Bxh2 Kxh2 52. Kxb4 1/2-1/2

[Event "GrandPrix_29.05"]
[Site "Chess.com"]
[Date "2020.05.29"]
[Round "5"]
[White "Alex_Krayz"]
[Black "ValeriyGrinev"]
[Result "0-1"]
[WhiteElo "2117"]
[BlackElo "2070"]
[TimeControl "600+2"]
[EndTime "11:32:37 PDT"]
[Termination "ValeriyGrinev won on time"]

1. e4 c5 2. Nf3 e6 3. c3 Nf6 4. e5 Nd5 5. d4 cxd4 6. cxd4 d6 7.
Bc4 Be7 8. O-O O-O 9. Qe2 b6 10. Bd2 Bb7 11. Nc3 Nxc3 12. Bxc3 Nd7 13. Rad1 dxe5 14. dxe5 Qc7 15. Bb3 Rfd8 16. Rfe1 Nc5 17. Bc2 Rxd1 18. Rxd1 Rd8 19. Rxd8+ Qxd8 20. b4 Nd7 21. Qd3 g6 22. h4 Bxf3 23. Qxf3 Bxh4 24. g3 Be7 25. Qb7 a5 26. a3 axb4 27. axb4 Nf8 28. Be4 Qd1+ 29. Kg2 Bd8 30. b5 h5 31. Bb4 h4 32.
Qa8 hxg3 33. fxg3 Qe2+ 34. Kh3 Qh5+ 35. Kg2 Qg5 36. Bd6 Be7 37. Qc6 Qd2+ 38. Kf1 Bxd6 39. exd6 Qd1+ 40. Kg2 Qe2+ 41. Kh1 Qe1+ 42. Kh2 Qf2+ 43.
Bg2 Qd4 44. Qc7 g5 45. Qe7 g4 46. Qg5+ Kh7 47. Qe7 Kg7 48. Bc6 Ng6 49. Qd8 Qd2+ 50. Kg1 Ne5 51. d7 Nf3+ 52. Bxf3 gxf3 0-1

[Event "GrandPrix_29.05"]
[Site "Chess.com"]
[Date "2020.05.29"]
[Round "5"]
[White "Lion_DL"]
[Black "SavelievAlexei"]
[Result "1/2-1/2"]
[WhiteElo "2196"]
[BlackElo "2280"]
[TimeControl "600+2"]
[EndTime "11:32:44 PDT"]
[Termination "Game drawn by repetition"]

1. e4 c5 2. Nf3 e6 3. d3 Nc6 4. g3 d5 5. Qe2 Nge7 6. h4 b6 7.
Bg2 Bb7 8. h5 h6 9. Bf4 Qd7 10. a4 dxe4 11. dxe4 Nd4 12. Nxd4 cxd4 13. Na3 Nc6 14. O-O e5 15. Bd2 Bc5 16. Kh2 Rd8 17. Bh3 Qe7 18. Qg4 Qf6 19. Nb5 O-O 20. Qf5 Qxf5 21.
Bxf5 Ne7 22. Nxa7 Nxf5 23. exf5 Be4 24. b4 Bd6 25. Nb5 Be7 26. Rfc1 Rb8 27. g4 Rfc8 28.
c3 d3 29. Re1 Bf3 30. Kg3 Be2 31. f3 Rc6 32. a5 bxa5 33. Rxa5 Bg5 34. Bxg5 hxg5 35.
Kf2 d2 36. Kxe2 dxe1=Q+ 37. Kxe1 f6 38. Kd2 Rd8+ 39. Kc2 Rc4 40. Ra7 Rf4 41. Nc7 Rxf3 42. Ne6 Rc8 43. Rxg7+ Kh8 44. h6 Rcxc3+ 45. Kd2 Ra3 46.
Nf8 Rfd3+ 47. Kc2 Rdc3+ 48. Kd2 Rd3+ 49. Kc2 Rdc3+ 50. Kd2 Rd3+ 1/2-1/2

[Event "GrandPrix_29.05"]
[Site "Chess.com"]
[Date "2020.05.29"]
[Round "5"]
[White "MasterSonnevanck2"]
[Black "BlackBoarder"]
[Result "1-0"]
[WhiteElo "2072"]
[BlackElo "2120"]
[TimeControl "600+2"]
[EndTime "11:32:44 PDT"]
[Termination "MasterSonnevanck2 won by checkmate"]

1. d4 e6 2. c4 Nf6 3. Nc3 Bb4 4. f3 d5 5. a3 Bxc3+ 6. bxc3 c5 7. cxd5 Nxd5 8.
dxc5 Qa5 9. e4 Nf6 10. Be3 O-O 11. Qb3 Nfd7 12. Bb5 a6 13. Bxd7 Nxd7 14. Qb4 Qc7 15. Ne2 Ne5 16. O-O Bd7 17. Rfd1 Rac8 18. a4 Bc6 19.
Rd6 f5 20. Bf4 Ng6 21. exf5 Rxf5 22. Bg3 e5 23. Qg4 Rcf8 24. h4 Qf7 25. h5 Ne7 26. h6 g6 27. Rad1 Nd5 28. Bf2 Nf6 29. Rxf6 Rxf6 30.
Ng3 Qe6 31. Ne4 Bxe4 32. Qxe4 R6f7 33. Bg3 Rd7 34. Rxd7 Qxd7 35. Qxe5 Re8 36. Qf6 Re6 37. Qf4 Rc6 38. Bf2 Qe7 39. Bd4 g5 40. Qb8+ Kf7 41. Bg7 Qxc5+ 42. Kh1 Qe7 43. Qh8 Kg6 44. Qg8 Qe6 45.
Qd8 Qd6 46. Qe8+ Kf5 47. Qe4# 1-0

[Event "GrandPrix_29.05"]
[Site "Chess.com"]
[Date "2020.05.29"]
[Round "5"]
[White "dosto07"]
[Black "A_N_D-R_E_I"]
[Result "0-1"]
[WhiteElo "1974"]
[BlackElo "2065"]
[TimeControl "600+2"]
[EndTime "11:32:53 PDT"]
[Termination "A_N_D-R_E_I won on time"]

1. e4 c5 2. Nf3 Nc6 3. Bb5 g6 4.
O-O Bg7 5. c3 Nf6 6. e5 Nd5 7. d4 cxd4 8. cxd4 O-O 9. Nc3 Nxc3 10. bxc3 d5 11. h3 Bd7 12. Bd3 a6 13. Bf4 Na5 14. Qd2 Rc8 15. Bh6 Nc4 16. Qf4 Re8 17.
Bxg7 Kxg7 18. h4 h5 19. Ng5 Rf8 20. Rab1 b5 21. Rfe1 Qb6 22. Bxc4 Rxc4 23. Re3 Bf5 24. Rbe1 Qc7 25. Rg3 Rxc3 26. Rxc3 Qxc3 27. Rc1 Qa5 28.
e6 fxe6 29. Qe5+ Rf6 30. Rc7 Qb4 31. Rc8 Qd6 32. Qe3 Rf8 33. Qc1 Qd7 34. Rc7 Qd6 35.
Rc6 Qd7 36. Qc5 Kf6 37. f3 Rb8 38. Kf2 Bd3 39. Ke3 Bf5 40. Kf4 b4 41. g4 hxg4 42.
fxg4 Rb5 43. Qc1 Bd3 44. Nh7+ Kg7 45. Ng5 Bc4 46. Kg3 Qxc6 47. Qf4 Qd6 0-1

[Event "GrandPrix_29.05"]
[Site "Chess.com"]
[Date "2020.05.29"]
[Round "5"]
[White "Anton_Demchenko"]
[Black "Chessialist"]
[Result "1/2-1/2"]
[WhiteElo "2604"]
[BlackElo "2547"]
[TimeControl "600+2"]
[EndTime "11:32:55 PDT"]
[Termination "Game drawn by repetition"]

1. d4 Nf6 2. Nf3 d5 3. Bf4 c6 4. e3 Bf5 5. c4 e6 6. Qb3 b6 7. Nc3 Bd6 8. Bg5 Nbd7 9. Be2 O-O 10. O-O h6 11. Bh4 Qb8 12. Bg3 a5 13. a3 Bxg3 14.
hxg3 Ne4 15. Nxe4 Bxe4 16. Nd2 Bg6 17. Rac1 Qd6 18. Rfd1 Rab8 19. Qc3 Nf6 20. b4 axb4 21. axb4 Qe7 22. Qb2 Rfc8 23. Ra1 Ne4 24. Nxe4 Bxe4 25.
Ra6 dxc4 26. Bxc4 Bd5 27. Qc3 Bxc4 28. Qxc4 e5 29. dxe5 b5 30. Qc5 Qxc5 31. bxc5 b4 32. Rb1 Rb5 33. f4 b3 34. Rb2 Rxc5 35. Rxb3 Rc2 36.
Rab6 Rd8 37. Rb8 Rxb8 38. Rxb8+ Kh7 39. g4 g6 40. Rb7 Kg8 41. Kh2 c5 42. Kg3 c4 43.
Rc7 c3 44. Kf3 Rc1 45. Ke4 c2 46. g3 Rg1 47. Rxc2 Rxg3 48. Rh2 Kg7 49. Rh4 g5 50. Rh1 Rxg4 51. Ra1 Rg2 52. Ra7 Kg8 53. f5 Rf2 54. Ra8+ Kg7 55. Ra7 Kg8 56. Ra8+ Kg7 57. Ra7 Kg8 1/2-1/2

[Event "GrandPrix_29.05"]
[Site "Chess.com"]
[Date "2020.05.29"]
[Round "5"]
[White "LazovT"]
[Black "LuckyLuka04"]
[Result "0-1"]
[WhiteElo "2044"]
[BlackElo "2215"]
[TimeControl "600+2"]
[EndTime "11:32:56 PDT"]
[Termination "LuckyLuka04 won by resignation"]

1. e4 c5 2. Nc3 e6 3. Nf3 a6 4. d4 cxd4 5. Nxd4 b5 6. Bd3 Qb6 7. Nb3 Qc7 8. O-O Bb7 9. Qe2 b4 10. Nd1 Nf6 11. c3 Nc6 12. cxb4 Bxb4 13. Bg5 Be7 14. Rc1 O-O 15. Ne3 Rac8 16. Rfd1 Qb8 17.
Bxa6 Nxe4 18. Bxe7 Nxe7 19. Bxb7 Qxb7 20. f3 Nf6 21.
Nc5 Qa7 22. b4 Ned5 23. Nxd5 Nxd5 24. Qa6 Qxa6 25. Nxa6 Nc3 26. Rxc3 Rxc3 27. Rxd7 Rc1+ 28. Kf2 Rc2+ 29. Kg3 Rxa2 30. b5 Rb2 31. Rb7 h5 32.
Nc5 Rc8 33. Nd3 Rd2 34. Ne5 Rcc2 35. Nxf7 Rxg2+ 36. Kf4 Rc4+ 37. Ke3 Rb4 38. Nd6 Rxh2 39. b6 Rhb2 40. Rb8+ Kh7 41. b7 h4 42. f4 h3 43.
Nf7 Rxb7 44. Rh8+ Kg6 45. Ne5+ Kf6 46. Ng4+ Kf5 47. Ne5 R7b3+ 48. Nd3 Rxd3+ 49. Kxd3 Kxf4 0-1

[Event "GrandPrix_29.05"]
[Site "Chess.com"]
[Date "2020.05.29"]
[Round "5"]
[White "Shota_Azaladze"]
[Black "tsvet2005"]
[Result "0-1"]
[WhiteElo "2203"]
[BlackElo "2259"]
[TimeControl "600+2"]
[EndTime "11:32:58 PDT"]
[Termination "tsvet2005 won by checkmate"]

1. Nf3 d5 2. g3 c6 3. Bg2 Bg4 4. O-O Nd7 5. d3 Ngf6 6. Nbd2 e5 7. e4 Bd6 8. h3 Bh5 9. exd5 cxd5 10. c4 O-O 11.
cxd5 Nxd5 12. Qb3 N5b6 13. Ne4 Be7 14. a4 a5 15. Be3 Kh8 16. Rfc1 f5 17. Nc5 Nxc5 18.
Bxc5 Bxc5 19. Rxc5 Bf7 20. Qc3 e4 21. dxe4 Nxa4 22. Rxa4 Qd1+ 23. Kh2 Qxa4 24. Rxf5 Bg6 25. Rxf8+ Rxf8 26. Ne5 Qb4 27. Qc2 Qd6 28. f4 b5 29. Qe2 Rb8 30. h4 a4 31. Qc2 Be8 32. Nd3 Qc6 33. Qf2 b4 34. Qd4 Qb6 35. Qc4 a3 36. Qb3 axb2 37. Nxb2 Qd4 38. e5 Qc3 39. Qa2 Qa3 40. Qe6 b3 41. Nc4 Qc5 42. Bd5 Bh5 43.
g4 Bxg4 44. Qxg4 Qxd5 45. Nd6 b2 46. Qd7 b1=Q 47. Nf7+ Qxf7 48. Qxf7 Rb2+ 49. Kg3 Qd3+ 50. Kg4 Rg2+ 51. Kh5 Qg6+ 52. Qxg6 hxg6# 0-1

[Event "GrandPrix_29.05"]
[Site "Chess.com"]
[Date "2020.05.29"]
[Round "5"]
[White "OparinGrigoriy"]
[Black "Durarbayli"]
[Result "1-0"]
[WhiteElo "2514"]
[BlackElo "2474"]
[TimeControl "600+2"]
[EndTime "11:32:59 PDT"]
[Termination "OparinGrigoriy won by checkmate"]

1. Nf3 c5 2. c4 Nc6 3. d4 cxd4 4. Nxd4 g6 5. e4 Bg7 6. Nc2 d6 7. Be2 Be6 8. O-O Rc8 9. Ne3 Nf6 10. Nc3 O-O 11. Rb1 Nd7 12. Bd2 Nd4 13. b3 Nc5 14. Re1 Nxe2+ 15. Qxe2 Bxc3 16. Bxc3 Nxe4 17. Ba1 Re8 18.
Rbd1 Nf6 19. Qd2 Rc6 20. h3 a6 21. Nc2 Rc8 22. Qh6 Qa5 23. Rxd6 Qxa2 24. Ne3 Qa5 25. Rdd1 Qh5 26. Qf4 g5 27. Qe5 Qg6 28. Nd5 h6 29.
Nc7 Red8 30. Nxe6 fxe6 31. Qxe6+ Qf7 32. Qb6 Rxd1 33. Rxd1 Ne4 34. Qxh6 Qxf2+ 35. Kh1 Nf6 36. Qxg5+ Kf7 37. Bxf6 Qxf6 38. Qd5+ Kg7 39. Qxb7 Rc5 40. Re1 Kf7 41. Qe4 Rf5 42. b4 Rf4 43. Qd5+ Kg7 44.
Re3 Rf1+ 45. Kh2 Kh7 46. Rg3 e6 47. Qe4+ Rf5 48. Qg4 Qf7 49. c5 Rh5 50. c6 Rf5 51. c7 Qxc7 52. Qg6+ Kh8 53. Qg8# 1-0

[Event "GrandPrix_29.05"]
[Site "Chess.com"]
[Date "2020.05.29"]
[Round "5"]
[White "Petriashvili02"]
[Black "Vazgen352"]
[Result "1/2-1/2"]
[WhiteElo "2244"]
[BlackElo "2422"]
[TimeControl "600+2"]
[EndTime "11:32:59 PDT"]
[Termination "Game drawn by repetition"]

1. d4 d5 2. c4 c6 3. Nf3 Nf6 4. Qb3 dxc4 5. Qxc4 Bg4 6. Ne5 Be6 7. Qd3 g6 8. Nc3 Bg7 9. g3 Nfd7 10. Nxd7 Qxd7 11. Be3 Na6 12. a3 Rd8 13. Rd1 Bh3 14. Qe4 Bf5 15.
Qh4 h6 16. d5 cxd5 17. Nxd5 Qe6 18. Bg2 Bc2 19. Rd2 Bb3 20. Nf4 Rxd2 21. Bxd2 Qd7 22.
Nd3 Bd5 23. Bxd5 Qxd5 24. O-O g5 25. Qa4+ Qd7 26. Qb3 O-O 27. Rc1 Rc8 28. Rc4 Rxc4 29. Qxc4 e6 30. Be3 Bf6 31. a4 Nc7 32. Bxa7 Nd5 33.
Bd4 Bxd4 34. Qxd4 Qc6 35. e4 Nb6 36. b3 Nc8 37. Qc5 Qd7 38. Ne5 Qd1+ 39. Kg2 Nd6 40. Qb4 Kg7 41. h3 h5 42. a5 g4 43. hxg4 hxg4 44.
Nxg4 Qxg4 45. f3 Qh5 46. Qd4+ Kg8 47. Qxd6 Qxa5 48. Qd4 Qa2+ 49. Kh3 Qxb3 50. Qd8+ Kh7 51. Qh4+ Kg6 52. Qg4+ Kf6 53. Qf4+ Ke7 54. Qc7+ Ke8 55. Qc8+ Ke7 56. Qc7+ Ke8 57. Qc8+ Ke7 58. Qc7+ 1/2-1/2

[Event "GrandPrix_29.05"]
[Site "Chess.com"]
[Date "2020.05.29"]
[Round "5"]
[White "Flawless_Fighter"]
[Black "VojtechPlat"]
[Result "1/2-1/2"]
[WhiteElo "2259"]
[BlackElo "2368"]
[TimeControl "600+2"]
[EndTime "11:32:59 PDT"]
[Termination "Game drawn - insufficient material"]

1. e4 c5 2. Nf3 Nc6 3. Bb5 g6 4. Bxc6 dxc6 5. d3 Bg7 6. h3 Nf6 7. Nc3 Nd7 8. Be3 e5 9. Qd2 h6 10. O-O b6 11. Nh2 Nf8 12. f4 exf4 13. Bxf4 Ne6 14.
Be3 Nd4 15. Nd1 Be6 16. c3 Nb5 17. a4 Nd6 18. a5 bxa5 19. Nf2 Rb8 20. Nf3 Qb6 21. Rfb1 Rd8 22. Qc1 Qb5 23. Ra3 f5 24. e5 Nf7 25. Rba1 Rb8 26. Rxa5 Qxb2 27. Qxb2 Rxb2 28.
Rxc5 Bd5 29. Rxa7 O-O 30. c4 Bxf3 31. gxf3 Re2 32. e6 Rxe3 33. exf7+ Rxf7 34. Rxf7 Kxf7 35. Rxc6 Rxf3 36. Kg2 Re3 37. h4 Bd4 38. Rd6 Be5 39.
Rd5 Ke6 40. d4 Bf4 41. Ra5 g5 42. Ra6+ Kf7 43. hxg5 hxg5 44. c5 g4 45. Ra2 Rg3+ 46.
Kf1 Rc3 47. Nxg4 fxg4 48. Rf2 Rf3 49. Rxf3 gxf3 50. Kf2 Ke6 51. Kxf3 Bd6 52. Ke4 Bc7 53. d5+ Kd7 54. Kd4 Bh2 55. Kc4 Kc7 56. Kb5 Bg3 57. Kc4 Bh2 58. Kd3 Bg3 59. Ke4 Kd7 60. Kf3 Bh2 61.
Ke4 Bg1 62. c6+ Kd6 63. c7 Kxc7 64. d6+ Kxd6 1/2-1/2

[Event "GrandPrix_29.05"]
[Site "Chess.com"]
[Date "2020.05.29"]
[Round "5"]
[White "ninullia"]
[Black "Igrok3069"]
[Result "0-1"]
[WhiteElo "2345"]
[BlackElo "2596"]
[TimeControl "600+2"]
[EndTime "11:33:05 PDT"]
[Termination "Igrok3069 won on time"]

1. d4 d5 2. c4 c6 3. cxd5 cxd5 4. Bf4 Nf6 5. Nc3 Nc6 6. e3 Bg4 7. Qb3 Na5 8. Qa4+ Bd7 9. Qc2 e6 10. Bd3 Nh5 11. Be5 Nc6 12. Qe2 Nxe5 13. dxe5 g6 14. Nf3 Bb4 15. O-O O-O 16. Rac1 Rc8 17. Nd4 f6 18.
exf6 Nxf6 19. a3 Bxc3 20. Rxc3 Rxc3 21. bxc3 e5 22. Nb3 e4 23. Bb5 Bg4 24. Qd2 a6 25.
Be2 Bxe2 26. Qxe2 Qc7 27. Rc1 Rc8 28. h3 Qc4 29. Nd4 Qxe2 30. Nxe2 Rc4 31. Rb1 b5 32. Rb4 Kf7 33. Kf1 Ke6 34. Ke1 Nd7 35. Kd2 Ne5 36.
Nd4+ Kd6 37. f4 exf3 38. gxf3 Rc7 39. a4 Nc4+ 40. Ke2 Re7 41. Nc2 bxa4 42. Rxa4 a5 43.
e4 Kc5 44. Na3 Ra7 45. Nxc4 dxc4 46. Ke3 Kb5 47. Ra3 Rd7 48. e5 Rd1 49. Kf4 Re1 50.
h4 a4 51. Ra2 Ka5 52. Ra3 Re2 53. Ra1 Kb5 54. Rb1+ Kc5 55. Rb8 a3 56. Ra8 a2 57.
Ra5+ Kc6 0-1

[Event "GrandPrix_29.05"]
[Site "Chess.com"]
[Date "2020.05.29"]
[Round "5"]
[White "moro182"]
[Black "gliglu"]
[Result "1-0"]
[WhiteElo "2578"]
[BlackElo "2347"]
[TimeControl "600+2"]
[EndTime "11:33:06 PDT"]
[Termination "moro182 won on time"]

1. d4 Nf6 2. c4 e6 3. Nc3 Bb4 4.
e3 O-O 5. Bd3 d5 6. Nf3 b6 7. O-O Ba6 8. cxd5 exd5 9. Bxa6 Nxa6 10. Qa4 Qc8 11. Bd2 Re8 12. Rac1 Bf8 13. Ne5 c5 14. f4 Nc7 15. Be1 a6 16. Bh4 b5 17.
Qd1 c4 18. Qf3 b4 19. Ne2 Ne4 20. Be1 f6 21. Ng4 Rb8 22. f5 b3 23. a4 Qd7 24.
Nc3 Kh8 25. Nxe4 Rxe4 26. Rxc4 dxc4 27. Qxe4 Qxa4 28. Bg3 Qd7 29. Rc1 Rd8 30. Qb7 Nd5 31. Qxd7 Rxd7 32. Rxc4 h5 33. Rc8 Kg8 34. Nf2 Nxe3 35.
Ne4 Nxf5 36. Nc5 Re7 37. d5 Kf7 38. d6 Re2 39. d7 Bxc5+ 40. Rxc5 Rd2 41. Rxf5 Rxd7 42.
Be1 Rd1 43. Kf2 Rc1 44. Ra5 Rc2+ 45. Kf1 Rxb2 46. Rxa6 Rb1 47. Rb6 g5 48. Ke2 f5 49.
Bc3 f4 50. Kf2 Ke8 51. Rb5 1-0

[Event "GrandPrix_29.05"]
[Site "Chess.com"]
[Date "2020.05.29"]
[Round "5"]
[White "Grandelicious"]
[Black "sergoy"]
[Result "1-0"]
[WhiteElo "2712"]
[BlackElo "2408"]
[TimeControl "600+2"]
[EndTime "11:33:07 PDT"]
[Termination "Grandelicious won by resignation"]

1. Nf3 Nf6 2. g3 g6 3. b3 Bg7 4.
Bb2 O-O 5. Bg2 d5 6. c4 c6 7. O-O a5 8. Nc3 d4 9. Na4 Ne8 10. e3 e5 11. exd4 exd4 12. Re1 Na6 13. Ba3 Nb4 14. Nc5 b6 15. Bxb4 axb4 16. Nd3 Qd6 17. Nfe5 Bb7 18. c5 bxc5 19. Nc4 Qc7 20. Nxc5 Ba6 21.
Nd3 Bxc4 22. bxc4 Nd6 23. Nxb4 Nxc4 24. Nxc6 Rae8 25. d3 Ne5 26. Nxe5 Rxe5 27. Rxe5 Bxe5 28. a4 Qa5 29. Bc6 Rd8 30. Qf3 Kg7 31. Kg2 Rd6 32. Ra2 Rf6 33. Qd5 Bc7 34. Qxa5 Bxa5 35. Bb5 Re6 36. Bc4 Re7 37. Rb2 Bc3 38. Rb6 f5 39.
h4 h5 40. Ra6 f4 41. gxf4 Bd2 42. Bd5 Bxf4 43. Be4 Bd2 44. Rxg6+ Kf8 45. Ra6 Rf7 46. Bg6 Rf4 47. Bxh5 Rxh4 48. Bf3 Ke7 49. a5 Rh8 50. Ra7+ Kd6 51. a6 Rg8+ 52. Kf1 Bb4 53. Rh7 Rf8 54. a7 1-0

[Event "GrandPrix_29.05"]
[Site "Chess.com"]
[Date "2020.05.29"]
[Round "5"]
[White "Gordima"]
[Black "francyIM"]
[Result "0-1"]
[WhiteElo "2296"]
[BlackElo "2548"]
[TimeControl "600+2"]
[EndTime "11:33:07 PDT"]
[Termination "francyIM won on time"]

1. d4 Nf6 2. c4 e6 3. Nc3 Bb4 4. e3 O-O 5. Bd2 d5 6. Nf3 b6 7.
cxd5 exd5 8. Rc1 Bb7 9. Bd3 Be7 10. Ne5 c5 11. O-O Nc6 12. Be1 Bd6 13. f4 cxd4 14.
Nxc6 Bxc6 15. Ne2 Bd7 16. Nxd4 Re8 17. Qf3 Ne4 18. Rd1 Qe7 19. Bxe4 Qxe4 20. Kf2 Bc5 21. Qxe4 Rxe4 22. Bc3 Rae8 23. Rfe1 a5 24. b3 h6 25. g3 Bg4 26. Rd3 g5 27. Bb2 Kh7 28. Rh1 Bc8 29.
Re1 Bg4 30. Rc1 Bc8 31. Re1 Kg6 32. Bc3 Bg4 33. Kg2 Bc8 34. Kf3 h5 35. fxg5 Kxg5 36. Nc2 Kg6 37. Bd4 R4e7 38. Rc3 Rc7 39. Bxc5 bxc5 40. Nd4 Bb7 41. Kf2 Rcc8 42. Ne2 Kg5 43. Rec1 c4 44. bxc4 dxc4 45. Rxc4 f5 46. Rc5 Rcd8 47.
Nd4 Be4 48. Rxa5 Rb8 49. Nb3 Red8 50. Ke2 Kg4 51. Rc7 Kh3 52. Rh7 Kxh2 53. Rxh5+ Kxg3 54. Rg5+ Kh4 55. Rg7 Rg8 56. Raa7 Rxg7 57. Rxg7 Ra8 58.
Nc1 Rc8 59. Kd1 Rc2 60. a4 Rc5 61. Ra7 Kg3 62. Kd2 Kf3 63. Nb3 Rc2+ 64. Kd1 Kxe3 65. a5 Rc3 66. Nc1 Bf3+ 0-1